 Dungeon Crawl Stone Soup version 0.31-a0-8-gd14b0f4ee2 (webtiles) character file.

Game seed: 10978017843564268462

1123 Morbidden the Ruffian (level 8, -6/74 HPs)
             Began as a Troll Conjurer on May 7, 2023.
             Mangled by an ice beast (14 damage)
             ... on level 5 of the Dungeon.
             The game lasted 00:06:27 (4219 turns).

Morbidden the Ruffian (Troll Conjurer)              Turns: 4219, Time: 00:06:27

Health: -6/74      AC:  2    Str: 16    XL:     8   Next: 13%
Magic:  10/10      EV: 15    Int: 16    God:
Gold:   281        SH:  0    Dex: 14    Spells: 3/11 levels left

rFire   . .          .
                       - Unarmed
rCold   . . .        (no shield)
rNeg    . . .        (body armour restricted)
rPois   .            (helmet restricted)
rElec   .            (no cloak)
rCorr   .            (gloves unavailable)
SInv    .            (boots unavailable)
Will    .....        f - amulet of faith
Stlth   ++           E - +6 ring of dexterity
HPRegen 1.12/turn    p - +5 ring of evasion
MPRegen 0.12/turn

%: faith
@: no status effects
A: large, unfitting armour, claws 3, regeneration 1, shaggy fur 1, tough skin 1
a: no special abilities


You were on level 5 of the Dungeon.
You visited 1 branch of the dungeon, and saw 5 of its levels.

You collected 281 gold pieces.

Inventory:

Missiles
 j - 4 boomerangs
 m - 33 stones
 u - 7 poisoned darts
Armour
 F - +1 fire dragon scales
Jewellery
 f - an amulet of faith (around neck)
 i - a ring of flight
 p - a +5 ring of evasion (right claw)
 y - a ring of see invisible
 E - a +6 ring of dexterity (left claw)
Wands
 B - a wand of flame (19)
Scrolls
 d - a scroll of acquirement {unknown}
 e - a scroll of fog {unknown}
 g - 5 scrolls of teleportation {unknown}
 l - 2 scrolls of amnesia {unknown}
 o - 8 scrolls of identify {unknown}
 q - 2 scrolls of enchant weapon {unknown}
 v - a scroll of blinking {unknown}
 x - a scroll of poison {unknown}
 z - a scroll of magic mapping {unknown}
 A - a scroll of butterflies {unknown}
 C - 3 scrolls of noise {unknown}
Potions
 b - 2 potions of magic
 c - 2 potions of might {unknown}
 h - 4 potions of curing {unknown}
 k - a potion of invisibility {unknown}
 n - 5 potions of heal wounds {unknown}
 r - a potion of lignification {unknown}
 s - 2 potions of cancellation {unknown}
 t - a potion of brilliance {unknown}
 w - a potion of haste {unknown}
 D - a potion of flight {unknown}


   Skills:
 * Level 2.5 Fighting
 * Level 2.0 Armour
 * Level 3.1 Dodging
 + Level 1.3 Stealth
 * Level 4.7 Unarmed Combat
 * Level 2.1 Spellcasting
 * Level 3.7 Conjurations
 * Level 1.7 Transmutations
 * Level 0.2 Air Magic
 * Level 1.7 Poison Magic
 * Level 0.3 Evocations


You had 3 spell levels left.
You knew the following spells:

 Your Spells              Type           Power      Damage    Failure   Level
a - Magic Dart            Conj           52%        1d5       4%          1
b - Searing Ray           Conj           26%        2d5       7%          2
c - Airstrike             Air            1%         2d(1-17)  88%         4
z - Sting                 Tmut/Pois      28%        1d4       10%         1

Your spell library contained the following spells:

 Spells                   Type           Power      Damage    Failure   Level
 Beastly Appendage        Tmut           14%        N/A       10%         1
 Kiss of Death            Conj/Necr      28%        2d7       10%         1
 Static Discharge         Conj/Air       16%        2-3/arc   14%         2
 Wereblood                Tmut           7%         N/A       16%         2
 Poisonous Vapours        Pois/Air       10%        N/A       21%         2
 Passwall                 Tmut/Erth      3%         N/A       22%         2
 Dazzling Flash           Conj/Hex       14%        N/A       28%         3
 Ensorcelled Hibernation  Hex/Ice        2%         N/A       30%         2
 Spider Form              Tmut/Pois      7%         N/A       30%         3
 Swiftness                Air            2%         N/A       50%         3
 Confusing Touch          Hex            1%         N/A       52%         3
 Fulminant Prism          Conj/Hex       3%         3d5       67%         4
 Iskenderun's Mystic Bla  Conj/Tloc      7%         2d4       67%         4
 Olgreb's Toxic Radiance  Pois           7%         N/A       69%         4
 Summon Lightning Spire   Summ/Air       2%         N/A       88%         4
 Dispel Undead            Necr           1%         3d6       90%         4


Dungeon Overview and Level Annotations

Branches:
Dungeon (5/15)
 Temple: D:4-7

Altars:
Okawaru
Trog
Wu Jian
Zin

Shops:
D:1 =   D:3 ?


Innate Abilities, Weirdness & Mutations

You are too large for most types of armour.
You have claws for hands.
Your natural rate of healing is unusually fast.
You are covered in fur. (AC +1)
You have tough skin. (AC +1)


Message History

Unknown command.
You closely miss the ice beast. Your claw misses the ice beast.
The ice beast hits you. The ice beast freezes you!
Unknown command.
You are too injured to fight recklessly!
Unknown command.
You scratch the ice beast.
The ice beast is lightly wounded.
The ice beast completely misses you.
You scratch the ice beast.
The ice beast is moderately wounded.
The ice beast hits you. The ice beast freezes you!
* * * LOW HITPOINT WARNING * * *
You scratch the ice beast.
The ice beast is moderately wounded.
The ice beast misses you.
Unknown command.
You closely miss the ice beast.
The ice beast is moderately wounded.
The ice beast hits you.
* * * LOW HITPOINT WARNING * * *
The ice beast freezes you.
* * * LOW HITPOINT WARNING * * *
Unknown command.
You closely miss the ice beast.
You claw the ice beast, but do no damage.
The ice beast is moderately wounded.
The ice beast barely misses you.
Unknown command.
Unknown command.
Unknown command.
Aiming: Throw Flame
Press: ? - help, Shift-Dir - straight line, f - ice beast
Aim: an ice beast (moderately wounded, 68% to hit)
The puff of flame hits the ice beast!
The ice beast melts!
The ice beast is severely wounded.
The ice beast hits you.
* * * LOW HITPOINT WARNING * * *
The ice beast freezes you!
You die...

######### #####.........
##.............
#.............. #.#
#.......$......
#.###..............
#.##.Y.....=.......
#.##..@............
#..#............... ##
#..#............... ..#
#..#............... #..#
##..#...............
#..######...................
#...#...####..###..........
## #..#### ##..########....
.# ##.## ###.. ####


You could see an ice beast.

Vanquished Creatures
  3 black bears
  An ice beast (D:5)
  A phantom (D:5)
  A bullfrog (D:4)
  2 scorpions (D:5)
  4 orc priests
  A jelly (D:5)
  A hound (D:5)
  A sleepcap (D:5)
  Jessica (D:3)
  2 orc wizards
  Terence (D:2)
  Robin (D:3)
  3 gnolls (D:4)
  6 adders
  2 ufetubi
  2 worms
  A dart slug (D:1)
  7 orcs
  5 ball pythons
  3 bats
  4 endoplasms
  2 giant cockroaches (D:4)
  17 goblins
  6 hobgoblins
  3 jackals (D:3)
  7 kobolds
  5 quokkas
  3 frilled lizards
  3 rats
99 creatures vanquished.

Notes
Turn   | Place    | Note
-------+----------+-------------------------------------------
     0 | D:1      | Morbidden the Troll Conjurer began the quest for the Orb.
     0 | D:1      | Reached XP level 1. HP: 16/16 MP: 1/1
    21 | D:1      | Found Qyxa's One-of-a-Kind Rings.
   209 | D:1      | Reached XP level 2. HP: 23/26 MP: 0/2
   716 | D:2      | Noticed Terence
   745 | D:1      | Learned a level 2 spell: Searing Ray
  1342 | D:2      | Killed Terence
  1343 | D:2      | Reached XP level 3. HP: 16/32 MP: 2/4
  1394 | D:2      | Reached skill level 1 in Unarmed Combat
  1499 | D:2      | Reached skill level 1 in Fighting
  1715 | D:3      | Found an ornate altar of the Wu Jian Council.
  1797 | D:3      | Found a bloodstained altar of Trog.
  1822 | D:3      | Reached XP level 4. HP: 39/41 MP: 1/5
  2014 | D:3      | Reached skill level 2 in Unarmed Combat
  2016 | D:3      | Learned a level 1 spell: Sting
  2026 | D:3      | Noticed Jessica
  2034 | D:3      | Killed Jessica
  2035 | D:3      | Reached XP level 5. HP: 44/48 MP: 0/6
  2236 | D:3      | Found Fapum's Magic Scroll Shop.
  2332 | D:3      | Noticed Robin
  2379 | D:3      | Killed Robin
  2836 | D:4      | Noticed a black bear
  2885 | D:4      | Killed a black bear
  2886 | D:4      | Reached skill level 1 in Armour
  2886 | D:4      | Reached skill level 1 in Poison Magic
  2886 | D:4      | Reached XP level 6. HP: 17/55 MP: 7/7
  2943 | D:4      | Noticed an angel
  2944 | D:4      | Found a glowing silver altar of Zin.
  3272 | D:4      | Reached skill level 3 in Unarmed Combat
  3342 | D:4      | Reached skill level 1 in Transmutations
  3607 | D:5      | Entered Level 5 of the Dungeon
  3664 | D:5      | Found an iron altar of Okawaru.
  3714 | D:5      | Reached XP level 7. HP: 59/65 MP: 8/8
  3858 | D:5      | Reached skill level 4 in Unarmed Combat
  3919 | D:5      | Learned a level 4 spell: Airstrike
  3956 | D:5      | Reached XP level 8. HP: 70/74 MP: 10/10
  4219 | D:5      | Mangled by an ice beast

Illustrated notes

Levels and vault maps discovered:
D:1:      amcnicky_arrival_flooded_fountain, layout_basic,
          nicolae_shop_unique_rings
D:2:      layout_rooms, kennysheep_generic_room_10, uniq_terence
D:3:      layout_loops_ring, nicolae_overflow_crystal_walls,
          mainiacjoe_overflow_catwalk, serial_shops, nicolae_shop_rolled_up,
          uniq_jessica, uniq_robin
D:4:      layout_basic, zin_angel, minmay_vboxes
D:5:      minmay_clustersquares, layout_cave_pods, okawaru_metal_pillars_1_2,
          minmay_temple_entry_slanted, minmay_crossroads

Skill      XL: |  1  2  3  4  5  6  7  8 |
---------------+-------------------------+-----
Conjurations   | 3 |  3.7
Unarmed Combat | 1 2 3 4 |  4.7
Fighting       | 1 2 |  2.5
Dodging        | 2 3 |  3.1
Armour         | 1 2 |  2.0
Poison Magic   | 1 |  1.7
Transmutations | 1 |  1.7
Spellcasting   | 2 |  2.1
Stealth        | |  1.3
Air Magic      | |  0.2
Evocations     | |  0.3

Action                     |  1- 3 |  4- 6 |  7- 9 || total
---------------------------+-------+-------+-------++-------
  Melee: Unarmed           |    78 |   146 |    90 ||   314
         Punch             |       |     3 |     3 ||     6
   Cast: Magic Dart        |    20 |    31 |       ||    51
         Searing Ray       |     2 |     3 |       ||     5
         Sting             |       |     1 |       ||     1
  Evoke: Wand              |       |       |     1 ||     1
   Stab: Sleeping          |       |     3 |     1 ||     4
 Armour: Robe              |    21 |    41 |    15 ||    77
         Fire dragon scale |       |       |    29 ||    29
         Skin              |       |       |     1 ||     1
  Dodge: Dodged            |    37 |    98 |    83 ||   218

Table legend: (Time is in decaauts)
 A = Elapsed time spent in this place.
 B = Non-inter-level travel time spent in this place.
 C = Inter-level travel time spent in this place.
 D = Time resting spent in this place.
 E = Time spent auto-exploring this place.
 F = Levels seen in this place.
 G = Mean time per level.
                   A        B        C        D        E       F      G
               +--------+--------+--------+--------+--------+-----+--------+
         Total |   4207 |   4105 |    102 |    552 |   2730 |   5 |  841.4 |
       Dungeon |   4207 |   4105 |    102 |    552 |   2730 |   5 |  841.4 |
               +--------+--------+--------+--------+--------+-----+--------+

Top non-repeatable levels by time:
     D:1: 1136 daAuts
     D:3: 1082 daAuts
     D:4: 808 daAuts
     D:5: 591 daAuts
     D:2: 588 daAuts
